[Event "WJCC U20 Girls 2019"]
[Site "New Delhi"]
[Date "2019.10.17"]
[Round "3.16"]
[White "Protopopova, Anastasiya"]
[Black "Potluri Supreetha"]
[Result "1-0"]
[ECO "E73"]
[WhiteElo "2263"]
[BlackElo "1767"]
[Annotator "ChessBase"]
[PlyCount "91"]
[EventDate "2019.10.15"]
[EventType "swiss"]
[EventCountry "IND"]
[SourceTitle "playchess.com"]
[Source "ChessBase"]
[SourceQuality "1"]
[TimeControl "40/5400+30:1800+30"]

1. d4 Nf6 2. c4 g6 3. Nc3 Bg7 4. e4 d6 5. Be2 O-O 6. Bg5 c5 7. d5 h6 8. Be3 e6 9. Qd2 exd5 10. exd5 Kh7 11. h4 Ng4 12. Bf4 Re8 13. Nh3 Bxc3 14. bxc3 Qe7 15. Kf1 Bf5 16. Re1 Nd7 17. f3 Ne3+ 18. Kf2 Nc2 19. Rc1 Qxe2+ 20. Qxe2 Rxe2+ 21. Kxe2 Bxh3 22. Rxc2 Bf5 23. Rd2 Nb6 24. g4 Bd7 25. Kd3 h5 26. Rg2 Re8 27. Bxd6 hxg4 28. fxg4 f5 29. Bxc5 fxg4 30. Bxb6 axb6 31. Re2 Bf5+ 32. Kd2 Rc8 33. Re7+ Kh6 34. Rxb7 Rxc4 35. Rb8 Rc5 36. Rd8 Be4 37. Rg1 Bxd5 38. Rxg4 Bxa2 39. Rd6 Bb1 40. Rxb6 Bf5 41. Rg5 Rd5+ 42. Kc1 Kh7 43. h5 Kh6 44. Rbxg6+ Bxg6 45. Rxd5 Bxh5 46. Rxh5+ {Kg5} 1-0

[Event "WJCC U20 Girls 2019"]
[Site "New Delhi"]
[Date "2019.10.17"]
[Round "3.18"]
[White "Toshali, V."]
[Black "Kiolbasa, Oliwia"]
[Result "1-0"]
[ECO "A47"]
[WhiteElo "1868"]
[BlackElo "2223"]
[Annotator "ChessBase"]
[PlyCount "93"]
[EventDate "2019.10.15"]
[EventType "swiss"]
[EventCountry "IND"]
[SourceTitle "playchess.com"]
[Source "ChessBase"]
[SourceQuality "1"]
[TimeControl "40/5400+30:1800+30"]

1. d4 Nf6 2. Nf3 b6 3. Bf4 Bb7 4. e3 g6 5. c3 Bg7 6. Bd3 d6 7. O-O O-O 8. h3 Nbd7 9. Nbd2 c5 10. Qe2 a6 11. a4 Re8 12. e4 e5 13. dxe5 Nxe5 14. Nxe5 dxe5 15. Bg5 Qc7 16. Qe3 Nh5 17. Bc4 Nf4 18. Bxf4 exf4 19. Qf3 Rad8 20. Rad1 Bc6 21. b3 Qe5 22. Bxa6 Rxd2 23. Rxd2 Bxe4 24. Qd1 f3 25. Rd8 Rxd8 26. Qxd8+ Bf8 27. Re1 Qf4 28. g3 Qf5 29. Bc8 Qe5 30. Bg4 f5 31. Bxf3 Qxc3 32. Re3 Qd4 33. Qxb6 Bh6 34. Qe6+ Kg7 35. Qe7+ Kg8 36. Rxe4 fxe4 37. Bg4 Qg7 38. Qxe4 Qf8 39. a5 Bg7 40. Kg2 Bd4 41. Bf3 Qc8 42. Be2 Qf8 43. Bc4+ Kg7 44. Qf3 Qe7 45. a6 Qa7 46. Qd5 Kf6 47. f4 1-0

[Event "WJCC U20 Girls 2019"]
[Site "New Delhi"]
[Date "2019.10.17"]
[Round "3.22"]
[White "Onur, Cigdem"]
[Black "Li, Yunshan"]
[Result "1/2-1/2"]
[ECO "B13"]
[WhiteElo "1913"]
[BlackElo "2289"]
[Annotator "ChessBase"]
[PlyCount "93"]
[EventDate "2019.10.15"]
[EventType "swiss"]
[EventCountry "IND"]
[SourceTitle "playchess.com"]
[Source "ChessBase"]
[SourceQuality "1"]
[TimeControl "40/5400+30:1800+30"]

1. e4 c6 2. d4 d5 3. exd5 cxd5 4. c4 Nf6 5. Nc3 Nc6 6. Bg5 e6 7. c5 Be7 8. Bb5 O-O 9. Nf3 Ne4 10. Nxe4 dxe4 11. Bxc6 bxc6 12. Bxe7 Qxe7 13. Ne5 Ba6 14. Qc2 Qb7 15. O-O-O f6 16. Nc4 Qb4 17. b3 e5 18. Qd2 Rab8 19. Qxb4 Rxb4 20. Kc2 Bxc4 21. Kc3 Bxb3 22. Kxb4 Bxd1 23. Rxd1 Rd8 24. d5 Kf7 25. dxc6 Ke7 26. Rxd8 Kxd8 27. Kc4 Kc7 28. Kd5 a5 29. g4 a4 30. h4 g6 31. h5 a3 32. h6 f5 33. gxf5 gxf5 34. Kxe5 Kxc6 35. Kxf5 Kxc5 36. Kf6 Kd6 37. Kg7 Ke7 38. Kxh7 Kf7 39. Kh8 Kg6 40. Kg8 Kxh6 41. Kf7 Kg5 42. Ke6 Kf4 43. Kd5 Kf3 44. Kd4 Kxf2 45. Kxe4 Ke2 46. Kd4 Kd2 47. Ke4 1/2-1/2

[Event "WJCC U20 Girls 2019"]
[Site "New Delhi"]
[Date "2019.10.17"]
[Round "3.24"]
[White "Lakshmi C"]
[Black "Pychova, Nela"]
[Result "1/2-1/2"]
[ECO "B90"]
[WhiteElo "1859"]
[BlackElo "2178"]
[Annotator "ChessBase"]
[PlyCount "75"]
[EventDate "2019.10.15"]
[EventType "swiss"]
[EventCountry "IND"]
[SourceTitle "playchess.com"]
[Source "ChessBase"]
[SourceQuality "1"]
[TimeControl "40/5400+30:1800+30"]

1. e4 c5 2. Nf3 d6 3. d4 cxd4 4. Nxd4 Nf6 5. Nc3 a6 6. a4 Qc7 7. Be2 b6 8. O-O Bb7 9. Bf3 Nbd7 10. Nd5 Nxd5 11. exd5 Nf6 12. Nf5 h6 13. Ra3 g6 14. Ne3 Bg7 15. c4 O-O 16. Be2 Bc8 17. f4 Qc5 18. Qe1 a5 19. Kh1 Ne4 20. Bd3 f5 21. Nc2 Ba6 22. b3 Nf6 23. Be3 Qc7 24. Nd4 Bc8 25. h3 Bd7 26. Ra2 Rae8 27. Bg1 e5 28. dxe6 Bc8 29. Re2 Re7 30. g4 Bb7+ 31. Kh2 Be4 32. Bxe4 fxe4 33. f5 gxf5 34. Rxf5 d5+ 35. Kh1 dxc4 36. Rc2 Qb7 37. Rxc4 e3+ 38. Kh2 1/2-1/2

[Event "WJCC U20 Girls 2019"]
[Site "New Delhi"]
[Date "2019.10.17"]
[Round "3.26"]
[White "Nilssen, Ellen Fredericia"]
[Black "Meghna, C H"]
[Result "1/2-1/2"]
[ECO "C01"]
[WhiteElo "2137"]
[BlackElo "1956"]
[Annotator "ChessBase"]
[PlyCount "52"]
[EventDate "2019.10.15"]
[EventType "swiss"]
[EventCountry "IND"]
[SourceTitle "playchess.com"]
[Source "ChessBase"]
[SourceQuality "1"]
[TimeControl "40/5400+30:1800+30"]

1. e4 e6 2. d4 d5 3. exd5 exd5 4. c4 Nf6 5. Nc3 Be7 6. Bd3 dxc4 7. Bxc4 O-O 8. Nge2 Nbd7 9. O-O Nb6 10. Bb3 c6 11. Qd3 Nbd5 12. a3 Be6 13. Bc2 g6 14. Ng3 Qc7 15. Bg5 Rad8 16. Rfe1 Rfe8 17. Rad1 Rd7 18. Nge4 Nxe4 19. Nxe4 Bxg5 20. Nxg5 Rde7 21. Ne4 Bf5 22. f3 Qf4 23. Qd2 Qh4 24. Qf2 Qf4 25. Qd2 Qh4 26. Qf2 Qf4 1/2-1/2

[Event "WJCC U20 Girls 2019"]
[Site "New Delhi"]
[Date "2019.10.17"]
[Round "3.29"]
[White "Kairbekova, Amina"]
[Black "Mungunzul, Bat-Erdene"]
[Result "1-0"]
[ECO "C54"]
[WhiteElo "2096"]
[BlackElo "1912"]
[Annotator "NA"]
[PlyCount "81"]
[EventDate "2019.10.15"]
[EventType "swiss"]
[EventCountry "IND"]
[SourceTitle "playchess.com"]
[Source "ChessBase"]
[SourceQuality "1"]
[TimeControl "40/5400+30:1800+30"]

1. e4 e5 2. Nf3 Nc6 3. Bc4 Bc5 4. c3 Nf6 5. d4 exd4 6. e5 d5 7. Be2 Ne4 8. cxd4 Bb4+ 9. Bd2 Nxd2 10. Nbxd2 O-O 11. O-O Bg4 12. a3 {[%emt 0:04:02] C54: Giuoco Piano: 4 c3 Nf6, main lines with 5 d4 and 5 d3} (12. h3 Bxf3 13. Nxf3 Ba5 14. Rc1 Bb6 15. Bb5 Ne7 16. Bd3 Ng6 17. g3 Re8 18. Kg2 Nf8 19. Bb1 Ne6 {1-0 (37) Nevednichy,V (2532)-Pisu,R (2254) Olanesti 2018}) 12... Be7 13. Nb3 a5 14. Rc1 f6 $146 ({Predecessor:} 14... Nb8 15. Ne1 Bf5 16. Bd3 Bxd3 17. Nxd3 Nd7 18. f4 f5 19. Re1 c6 {1-0 (32) Vucinic,G (2294)-Besedes,D (1974) Stari Banovci 2013}) 15. h3 Bh5 16. Nc5 Bxc5 17. Rxc5 Ne7 18. exf6 Rxf6 19. Ne5 Bxe2 20. Qxe2 c6 21. Ng4 Rg6 22. Qe5 Qd7 $11 23. Re1 Nf5 24. Rxa5 Rf8 25. Qf4 Qd8 26. Ra4 Nh4 27. Qe5 h5 28. Qxh5 Rf5 29. Ra8 Qxa8 30. Qxh4 Qf8 31. Re7 b6 32. Rd7 Rd6 33. Rb7 c5 34. Qg3 Rf4 35. Ne5 Rxd4 36. Ng6 Qf6 37. Ne7+ Kh8 38. Nf5 Rd1+ 39. Kh2 Rd8 40. Rxg7 Re8 41. Rg6 1-0

[Event "WJCC U20 Girls 2019"]
[Site "New Delhi"]
[Date "2019.10.17"]
[Round "3.30"]
[White "Nastase, Andreea-Cristina"]
[Black "Ananya, Suresh"]
[Result "1-0"]
[ECO "A40"]
[WhiteElo "2077"]
[BlackElo "1896"]
[Annotator "NA"]
[PlyCount "47"]
[EventDate "2019.10.15"]
[EventType "swiss"]
[EventCountry "IND"]
[SourceTitle "playchess.com"]
[Source "ChessBase"]
[SourceQuality "1"]
[TimeControl "40/5400+30:1800+30"]

1. d4 g6 2. c4 Bg7 3. Nc3 c5 4. d5 d6 5. e4 Nf6 6. f3 O-O 7. Bg5 Nbd7 8. Nh3 a6 9. Qd2 Ne5 10. Nf2 Rb8 11. Be2 Qa5 12. O-O b5 13. cxb5 axb5 14. Bh6 b4 15. Bxg7 Kxg7 16. Ncd1 Ba6 17. Bxa6 Qxa6 18. Ne3 Rfc8 19. f4 Nc4 20. Qe2 e6 21. Qxc4 Qxc4 22. Nxc4 exd5 23. exd5 Nxd5 24. Ne4 1-0

[Event "WJCC U20 Girls 2019"]
[Site "New Delhi"]
[Date "2019.10.17"]
[Round "3.31"]
[White "Zhang, Xiao"]
[Black "Bhagyashree Patil"]
[Result "1/2-1/2"]
[ECO "D02"]
[WhiteElo "2053"]
[BlackElo "1802"]
[Annotator "NA RC"]
[PlyCount "96"]
[EventDate "2019.10.15"]
[EventType "swiss"]
[EventCountry "IND"]
[SourceTitle "playchess.com"]
[Source "ChessBase"]
[SourceQuality "1"]
[TimeControl "40/5400+30:1800+30"]

1. d4 d5 2. Nf3 Nf6 3. g3 e6 4. Bg2 Be7 5. O-O O-O 6. c4 b6 7. cxd5 exd5 8. Nc3 Bb7 9. Bf4 Nbd7 10. Rc1 c6 11. Ne5 Re8 12. e4 {[%emt 0:02:28] E18: Queen's Indian: Old Main Line (4 g3 Bb7 5 Bg2 Be7 6 0-0 0-0 7 Nc3)} (12. Qa4 Nxe5 13. Bxe5 Bd6 14. Bxf6 Qxf6 15. e4 b5 16. Qc2 b4 17. e5 Qd8 18. Na4 Bf8 19. Nc5 Bc8 {1-0 (35) Teske,H (2538)-Seils,J (2350) Germany 2013}) 12... dxe4 13. Nxe4 Nxe5 14. dxe5 Nd5 15. Qa4 $146 ({Predecessor:} 15. Qg4 Qc8 16. Qh5 Qe6 17. Bh3 Nxf4 18. gxf4 Qg6+ 19. Qxg6 hxg6 {1-0 (49) Schulz,K (2324)-Plotkin,V (2248) Dresden 2018}) 15... Nxf4 16. gxf4 Qc7 17. Rfd1 Red8 18. Rxd8+ Rxd8 19. Ng3 Bc5 20. b4 Rd4 21. Qxa7 Rxb4 22. Ne4 h6 23. a3 Rb5 24. Nxc5 bxc5 25. Qa4 Bc8 26. Qe4 Ra5 27. a4 Be6 28. Qxc6 Qxc6 29. Bxc6 Bb3 30. Rc3 c4 31. Bb5 Ra8 32. Bxc4 Bxa4 33. f5 Re8 34. e6 fxe6 35. fxe6 Re7 36. Kg2 g5 37. Kf3 Bc6+ 38. Kg4 Be4 39. Re3 Bg6 40. h4 gxh4 41. f4 Kg7 42. f5 Bh7 43. Bd3 Kf6 44. Rf3 Rg7+ 45. Kxh4 Rg1 46. Re3 Rg7 47. Kh5 Ra7 48. Bc2 Rc7 $14 1/2-1/2

[Event "WJCC U20 Girls 2019"]
[Site "New Delhi"]
[Date "2019.10.17"]
[Round "3.33"]
[White "Song, Yuxin"]
[Black "Arushi Kotwal"]
[Result "1-0"]
[ECO "A48"]
[WhiteElo "2292"]
[BlackElo "1657"]
[Annotator "ChessBase"]
[PlyCount "93"]
[EventDate "2019.10.15"]
[EventType "swiss"]
[EventCountry "IND"]
[SourceTitle "playchess.com"]
[Source "ChessBase"]
[SourceQuality "1"]
[TimeControl "40/5400+30:1800+30"]

1. d4 Nf6 2. Nf3 g6 3. Nbd2 d5 4. e3 Bg7 5. b4 c6 6. a4 a5 7. b5 c5 8. c3 Nbd7 9. Ba3 cxd4 10. cxd4 O-O 11. Qc2 Nb6 12. Bd3 Be6 13. Ng5 Bd7 14. Bc5 h6 15. Ngf3 Be6 16. Qb3 Ne4 17. Rc1 Rc8 18. O-O Nxc5 19. Rxc5 Nd7 20. Rxc8 Qxc8 21. Qa3 Bf6 22. Rc1 Qa8 23. e4 dxe4 24. Nxe4 Rc8 25. Re1 Re8 26. Nxf6+ exf6 27. Qc1 Kg7 28. Qc7 Rc8 29. Qd6 Qb8 30. Rxe6 Rc1+ 31. Bf1 fxe6 32. Qxd7+ Kh8 33. Qxe6 Qd8 34. Qe3 Ra1 35. Qxh6+ Kg8 36. Qxg6+ Kf8 37. h4 Qe7 38. h5 Qg7 39. Qf5 Rxa4 40. Qc8+ Ke7 41. Qxb7+ Kf8 42. Qc8+ Ke7 43. b6 Rb4 44. b7 Qf8 45. Qc5+ Kf7 46. Bc4+ Kg7 47. h6+ 1-0

[Event "WJCC U20 Girls 2019"]
[Site "New Delhi"]
[Date "2019.10.17"]
[Round "3.34"]
[White "Tamarozi, Isabelle"]
[Black "Obregon Garcia, Roxangel"]
[Result "0-1"]
[ECO "B51"]
[WhiteElo "2029"]
[BlackElo "2267"]
[Annotator "ChessBase"]
[PlyCount "94"]
[EventDate "2019.10.15"]
[EventType "swiss"]
[EventCountry "IND"]
[SourceTitle "playchess.com"]
[Source "ChessBase"]
[SourceQuality "1"]
[TimeControl "40/5400+30:1800+30"]

1. e4 c5 2. Nf3 d6 3. Bb5+ Nd7 4. d4 a6 5. Bxd7+ Bxd7 6. O-O cxd4 7. Qxd4 e5 8. Qd3 Rc8 9. c4 b5 10. b3 bxc4 11. bxc4 Be6 12. Na3 Nf6 13. Bd2 Nd7 14. Rfd1 Nc5 15. Qe2 Be7 16. Rac1 O-O 17. Nc2 f5 18. exf5 Bxf5 19. Bb4 Bg4 20. Bxc5 Rxc5 21. Nce1 Qa8 22. Qe3 Rfc8 23. h3 Bh5 24. Rd2 Rxc4 25. Rxc4 Rxc4 26. Nxe5 dxe5 27. Qxe5 Re4 28. Qxh5 Rxe1+ 29. Kh2 Bf6 30. Qg4 h5 31. Qf5 Qe4 32. Qxe4 Rxe4 33. f3 Rb4 34. Rd5 Ra4 35. Rxh5 Rxa2 36. h4 Kf7 37. Kh3 Ke6 38. f4 a5 39. g4 a4 40. Ra5 Ra3+ 41. Kg2 Bxh4 42. g5 g6 43. Ra6+ Kf5 44. Rf6+ Kg4 45. Rf8 Ra2+ 46. Kf1 Kf3 47. Kg1 Ra1+ 0-1

[Event "WJCC U20 Girls 2019"]
[Site "New Delhi"]
[Date "2019.10.17"]
[Round "3.37"]
[White "Levitan, Ronit"]
[Black "Tanishka Kotia"]
[Result "1/2-1/2"]
[ECO "B01"]
[WhiteElo "1893"]
[BlackElo "2090"]
[Annotator "NA"]
[PlyCount "63"]
[EventDate "2019.10.15"]
[EventType "swiss"]
[EventCountry "IND"]
[SourceTitle "playchess.com"]
[Source "ChessBase"]
[SourceQuality "1"]
[TimeControl "40/5400+30:1800+30"]

1. e4 d5 2. exd5 Nf6 3. c4 e6 4. dxe6 Bxe6 5. Nf3 Nc6 6. Be2 Bc5 7. O-O O-O 8. d3 Nd4 9. Nxd4 Bxd4 10. Nd2 Bf5 11. Nb3 Re8 12. Nxd4 Qxd4 13. Be3 Qxb2 14. Rb1 Qxa2 15. Rxb7 c5 16. Bf3 $14 Rac8 17. h3 Red8 18. Qa1 Qxa1 19. Rxa1 Bxd3 20. Ra4 h6 21. Rbxa7 Rd7 22. R7a5 Rdc7 23. Bf4 Re7 24. Bd6 Re1+ 25. Kh2 Rc1 26. Rxc5 Rxc5 27. Bxc5 Rxc4 28. Ra8+ Kh7 29. Be3 Be4 30. Bxe4+ Nxe4 31. Ra7 Kg6 32. Ra6+ 1/2-1/2

[Event "WJCC U20 Girls 2019"]
[Site "New Delhi"]
[Date "2019.10.17"]
[Round "3.38"]
[White "Nomindalai Tumurbaatar"]
[Black "Punsalan, Vyanla M"]
[Result "1-0"]
[ECO "A80"]
[WhiteElo "2061"]
[BlackElo "1964"]
[Annotator "NA"]
[PlyCount "65"]
[EventDate "2019.10.15"]
[EventType "swiss"]
[EventCountry "IND"]
[SourceTitle "playchess.com"]
[Source "ChessBase"]
[SourceQuality "1"]
[TimeControl "40/5400+30:1800+30"]

1. d4 f5 2. Bf4 Nf6 3. e3 g6 4. Be2 Bg7 5. h4 h6 6. Nc3 d6 7. Qd2 c6 8. f3 b5 9. a3 Nh5 10. Bh2 e5 11. O-O-O exd4 12. exd4 Qxh4 $18 (12... O-O {might work better.}) 13. Nxb5 cxb5 14. Bxb5+ Nd7 15. Re1+ Kd8 16. Ne2 Qg5 17. f4 Qf6 18. Qa5+ Nb6 19. Bc6 Rb8 20. Qxa7 Nd7 21. Qa5+ Nb6 22. Nc3 Bd7 23. Bxd7 Kxd7 24. Qa7+ Kc6 25. Re7 Qxe7 26. Qxe7 Rhe8 27. Qf7 Bxd4 28. Rd1 Be3+ 29. Kb1 Nxf4 30. a4 Re5 31. Nb5 Rxb5 32. axb5+ Kxb5 33. Qb3+ 1-0

[Event "WJCC U20 Girls 2019"]
[Site "New Delhi"]
[Date "2019.10.17"]
[Round "3.39"]
[White "Shivika Rohilla"]
[Black "Bakshi, Rutuja"]
[Result "0-1"]
[ECO "C09"]
[WhiteElo "1721"]
[BlackElo "2029"]
[Annotator "NA RC"]
[PlyCount "102"]
[EventDate "2019.10.15"]
[EventType "swiss"]
[EventCountry "IND"]
[SourceTitle "playchess.com"]
[Source "ChessBase"]
[SourceQuality "1"]
[TimeControl "40/5400+30:1800+30"]

1. e4 e6 2. d4 d5 3. Nd2 c5 4. exd5 exd5 5. Ngf3 Nc6 6. Bb5 Bd6 7. dxc5 Bxc5 8. Nb3 Bd6 9. O-O Nge7 10. Be3 Bg4 {[%emt 0:10:25] C09: French Tarrasch: 3...c5 4 exd5 exd5 5 Ngf3 Nc6} (10... O-O 11. Bd3 h6 12. h3 Bf5 13. Re1 Re8 14. c3 Be4 15. Nc5 Bxf3 16. Qxf3 Ne5 17. Qd1 Qc7 18. Nb3 Nxd3 19. Qxd3 {½-½ (34) Godena,M (2506)-Sedina,E (2428) Turin 2002}) 11. h3 Bh5 12. Nbd4 O-O 13. Be2 a6 $146 ({Predecessor:} 13... Rc8 14. c3 Bb8 15. Qd2 Bg6 16. Bf4 Bxf4 17. Qxf4 Qb6 18. Qd2 {½-½ (46) Guo,A (1999)-Goss,M (2141) Cocoa Beach 2016}) 14. Qd2 Qc7 15. c3 Na5 16. Rfd1 Nc4 17. Bxc4 Qxc4 18. Bf4 Bxf3 19. gxf3 Bxf4 20. Qxf4 Ng6 21. Qg3 Rae8 22. a3 Qc8 23. Re1 Qd7 24. Rad1 f6 25. Nc2 Re5 26. f4 Rxe1+ 27. Rxe1 Qf5 28. Ne3 Qxf4 29. Rd1 Rd8 30. Nxd5 Qxg3+ 31. fxg3 Kf7 32. Ne3 Rxd1+ 33. Nxd1 Ke6 34. Kf2 Kd5 35. b3 b5 36. Ke3 Ne5 37. Nf2 a5 38. Kd2 (38. h4 $11 {remains equal.}) 38... a4 39. Kc2 f5 40. h4 h6 41. Kb2 g5 42. hxg5 hxg5 43. Kc2 {[%emt 0:00:00] [#]} g4 $1 44. Kb2 $2 {[%emt 0:00:00] [#]} (44. c4+ bxc4 45. bxa4) 44... Nd7 $19 45. Kc2 Nc5 46. b4 Ne4 47. Nd3 Nxg3 48. Nf4+ Ke4 49. Nd3 Nf1 50. Nf2+ Kf3 51. Nd3 g3 0-1

[Event "WJCC U20 Girls 2019"]
[Site "New Delhi"]
[Date "2019.10.17"]
[Round "3.40"]
[White "Bauyrzhan, Arnash"]
[Black "Dahampriya, H K T Dewnethmie"]
[Result "1-0"]
[ECO "B51"]
[WhiteElo "2075"]
[BlackElo "1629"]
[Annotator "NA"]
[PlyCount "87"]
[EventDate "2019.10.15"]
[EventType "swiss"]
[EventCountry "IND"]
[SourceTitle "playchess.com"]
[Source "ChessBase"]
[SourceQuality "1"]
[TimeControl "40/5400+30:1800+30"]

1. e4 c5 2. Nf3 d6 3. Bb5+ Nd7 4. d4 cxd4 5. Qxd4 a6 6. Bxd7+ Bxd7 7. O-O e6 8. Bg5 f6 9. Bd2 Ne7 10. Qxd6 Rc8 11. Nc3 Nd5 12. Qg3 Nb6 13. Rad1 Nc4 14. Bc1 Qb6 15. e5 f5 16. b3 Na5 17. Rd3 Nc6 18. Na4 Qa5 19. Rfd1 Nb8 20. Bd2 Qc7 21. Rc3 Qd8 22. Bg5 Qa5 23. Rxc8+ Bxc8 24. Rd8+ Qxd8 25. Bxd8 Kxd8 26. Ng5 Kc7 27. Qe3 Nc6 28. Nb6 h6 29. Nf7 Rg8 30. Nxc8 Kxc8 31. Qb6 Kb8 32. Nd8 Nxd8 33. Qxd8+ Ka7 34. c4 g5 35. c5 Rh8 36. b4 Bg7 37. Qc7 Bxe5 38. Qxe5 Rd8 39. g3 Rd2 40. Qxe6 f4 41. gxf4 gxf4 42. Kg2 h5 43. Qf7 h4 44. c6 1-0

[Event "WJCC U20 Girls 2019"]
[Site "New Delhi"]
[Date "2019.10.17"]
[Round "3.41"]
[White "Lohani, Sujana"]
[Black "Ortiz Verdezoto, Anahi"]
[Result "0-1"]
[ECO "E06"]
[WhiteElo "1671"]
[BlackElo "2055"]
[Annotator "NA"]
[PlyCount "82"]
[EventDate "2019.10.15"]
[EventType "swiss"]
[EventCountry "IND"]
[SourceTitle "playchess.com"]
[Source "ChessBase"]
[SourceQuality "1"]
[TimeControl "40/5400+30:1800+30"]

1. d4 d5 2. Nf3 Nf6 3. c4 e6 4. g3 Be7 5. Bg2 O-O 6. O-O dxc4 7. Ne5 c5 8. dxc5 Qc7 9. Nxc4 Bxc5 10. Qb3 Nc6 11. Be3 Bxe3 12. Qxe3 Nd5 13. Qc5 b6 14. Qd6 Qxd6 15. Nxd6 Ba6 16. Nd2 (16. Nc3 $11 {keeps the balance.}) 16... Bxe2 17. Rfc1 Ncb4 18. a3 $11 Nd3 19. Rc2 Nc5 20. Bf1 Bxf1 21. Kxf1 Rfd8 22. N6e4 Nd3 23. Ke2 Ne7 24. Nf3 f5 25. Neg5 e5 26. Rc7 Nd5 27. Rxg7+ Kxg7 28. Ne6+ Kf6 29. Nxd8 Rxd8 30. Kxd3 e4+ 31. Ke2 exf3+ 32. Kxf3 Rc8 33. Rd1 Ke6 34. Rd2 b5 35. Kg2 a5 36. Kh3 b4 37. axb4 axb4 38. Kh4 Rc4+ 39. Kg5 Rg4+ 40. Kh6 Nf6 41. Re2+ Kf7 0-1

[Event "WJCC U20 Girls 2019"]
[Site "New Delhi"]
[Date "2019.10.17"]
[Round "3.42"]
[White "Fretel, Liza"]
[Black "Du Plessis, Anika"]
[Result "1-0"]
[ECO "D00"]
[WhiteElo "1877"]
[BlackElo "1594"]
[Annotator "NA RC"]
[PlyCount "129"]
[EventDate "2019.10.15"]
[EventType "swiss"]
[EventCountry "IND"]
[SourceTitle "playchess.com"]
[Source "ChessBase"]
[SourceQuality "1"]
[TimeControl "40/5400+30:1800+30"]

1. d4 d5 2. Bf4 Nf6 3. e3 c5 4. c3 Nc6 5. Nd2 e6 6. Bd3 cxd4 7. exd4 Bd7 {[%emt 0:01:43] B13: Caro-Kann: Exchange Variation and Panov-Botvinnik Attack} (7... Bd6 8. Bxd6 Qxd6 9. Ngf3 Nh5 10. O-O g6 11. Re1 f6 12. c4 Kf7 13. a3 b6 14. b4 Nf4 15. Bf1 g5 16. g3 Ng6 {0-1 (51) Laznicka,V (2675)-Sanal,V (2490) Skopje 2018}) 8. Ngf3 Qb6 9. Qb3 Qxb3 10. axb3 Nh5 11. Bg3 h6 $146 ({Predecessor:} 11... Nxg3 12. hxg3 h6 {1-0 (43) Vager,B (2112)-Henrichsen,E (1940) Kaunas 2012}) 12. b4 Nxg3 13. hxg3 Bd6 14. b5 Ne7 15. g4 Rg8 16. O-O Nc8 17. Ne5 Nb6 18. f4 Ke7 19. f5 Bc7 20. Nb3 Bxe5 21. dxe5 Nc4 22. Bxc4 dxc4 23. Nd4 a6 24. b6 a5 25. fxe6 Bxe6 26. Nxe6 Kxe6 27. Rad1 Rgd8 28. Rd6+ Rxd6 29. exd6 Rd8 30. Rf5 Rxd6 31. Rxa5 Rxb6 32. Rc5 Rxb2 33. Rxc4 Rb6 34. Kf2 Rc6 35. Re4+ Kd5 36. Re7 Rf6+ 37. Kg3 b6 38. Rd7+ Kc6 39. Re7 Kd6 40. Rb7 Kc6 41. Re7 b5 42. Ra7 Kb6 43. Re7 Rc6 44. Re3 Rc7 45. Kf2 Kc5 46. Ke2 Rd7 47. Re4 Rd6 48. Rb4 Re6+ 49. Kf2 Ra6 50. Rf4 Ra3 $2 (50... Ra2+ $19 51. Kf1 f6) 51. Rxf7 Rxc3 52. Rxg7 Kc4 53. Rh7 Kb3 54. Rxh6 b4 55. Rb6 Ka3 56. g5 b3 57. g6 Rc7 $11 58. Ke3 Ka2 59. Kf4 b2 60. g4 Rc4+ 61. Kg5 Rc5+ 62. Kh6 Rc4 63. Kh5 Rc5+ 64. g5 Rc7 65. Kh6 1-0

[Event "WJCC U20 Girls 2019"]
[Site "New Delhi"]
[Date "2019.10.17"]
[Round "3.43"]
[White "Ghosh Samriddhaa"]
[Black "Reid, Caitlin"]
[Result "1-0"]
[ECO "B34"]
[WhiteElo "1867"]
[BlackElo "1489"]
[Annotator "NA"]
[PlyCount "47"]
[EventDate "2019.10.15"]
[EventType "swiss"]
[EventCountry "IND"]
[SourceTitle "playchess.com"]
[Source "ChessBase"]
[SourceQuality "1"]
[TimeControl "40/5400+30:1800+30"]

1. e4 c5 2. Nf3 Nc6 3. d4 cxd4 4. Nxd4 Nf6 5. Nc3 e5 6. Ndb5 d6 7. Bg5 a6 8. Na3 h6 9. Bxf6 Qxf6 10. Nd5 Qd8 11. Nc4 b5 12. Nce3 Be7 13. c3 O-O 14. a4 Rb8 15. axb5 axb5 16. b4 f5 17. exf5 Bxf5 18. Be2 Be4 19. f3 Bg6 20. Ra6 Bh4+ 21. g3 Qc8 22. Rxc6 Bxg3+ 23. hxg3 Qxc6 24. Ne7+ 1-0

[Event "WJCC U20 Girls 2019"]
[Site "New Delhi"]
[Date "2019.10.17"]
[Round "3.44"]
[White "Rousseau, Christilla"]
[Black "Rindhiya V"]
[Result "1/2-1/2"]
[ECO "A80"]
[WhiteElo "1648"]
[BlackElo "1817"]
[Annotator "NA RC"]
[PlyCount "98"]
[EventDate "2019.10.15"]
[EventType "swiss"]
[EventCountry "IND"]
[SourceTitle "playchess.com"]
[Source "ChessBase"]
[SourceQuality "1"]
[TimeControl "40/5400+30:1800+30"]

1. d4 f5 2. Bf4 Nf6 3. e3 e6 4. c3 (4. Be2 Nc6 5. Nf3 Ne7 6. O-O Ng6 7. c4 b6 8. Nc3 Bb4 9. Rc1 Bb7 10. Nb5 Nxf4 11. exf4 a6 {½-½ (53) Ni,H (2668)-Maghsoodloo,P (2656) Abu Dhabi 2019}) 4... d5 5. Nd2 Be7 6. Ngf3 {[%emt 0:01:00] A80: Dutch Defence: Unusual White second moves} O-O 7. h3 Ne4 8. Bd3 b6 9. Rc1 $146 ({Predecessor:} 9. Ne5 Bb7 10. Ndf3 Nd7 11. g4 c5 12. gxf5 exf5 13. Rg1 cxd4 14. exd4 Bf6 15. Qe2 Rc8 16. O-O-O a5 17. Bb5 Nxe5 18. dxe5 Qc7 {1-0 (18) Basso,L (1826)-Antignani,L (1985) Giugliano 2009}) 9... Bb7 10. Ne5 Nd7 11. Nxd7 Qxd7 12. Nf3 c5 13. Ne5 Qd8 14. O-O Nf6 15. Re1 c4 16. Bf1 b5 17. b3 Qa5 18. Qc2 Rac8 19. b4 Qa3 20. f3 a5 21. bxa5 Qxa5 22. g4 g6 23. Bh6 Rfd8 24. Qf2 Nd7 25. Qg3 Qc7 26. f4 Nxe5 27. fxe5 b4 28. gxf5 exf5 29. Re2 bxc3 30. Rf2 Qd7 31. h4 Kf7 32. Bh3 Rg8 33. Kh2 Qe6 34. Rcf1 Ke8 35. Rg1 Kd7 36. Rb1 Kc7 37. Rc2 Bc6 38. Rxc3 Rb8 39. Rcc1 Rxb1 40. Rxb1 c3 41. Qe1 Ra8 $1 42. Qxc3 Rxa2+ 43. Kg3 Qc8 44. Bg2 Kd7 $2 (44... f4+ $1 $11 45. Bxf4 Rxg2+ {[%mdl 64] Decoy} 46. Kxg2 Qg4+ {[%mdl 64] Double Attack} 47. Kh2 Qxh4+ 48. Kg2 Qg4+ 49. Kf2 Bh4+ 50. Kf1 g5) 45. Bf1 (45. Rc1 $142 Bb7 46. Qxc8+ {[%mdl 64] Overworked Piece} Bxc8 47. Bxd5) 45... Ra7 $2 (45... Ra8 46. Bf4 Ba4) 46. Bb5 (46. Rc1 $142) 46... Rc7 47. Qb3 $18 Ke6 48. Bxc6 Rxc6 49. Qb7 Qxb7 1/2-1/2

[Event "WJCC U20 Girls 2019"]
[Site "New Delhi"]
[Date "2019.10.17"]
[Round "3.45"]
[White "Jayaweera, Sayuni Gihansa"]
[Black "Yaakub, Nov Genevia Pslam"]
[Result "1-0"]
[ECO "D11"]
[WhiteElo "1788"]
[BlackElo "1316"]
[Annotator "NA"]
[PlyCount "71"]
[EventDate "2019.10.15"]
[EventType "swiss"]
[EventCountry "IND"]
[SourceTitle "playchess.com"]
[Source "ChessBase"]
[SourceQuality "1"]
[TimeControl "40/5400+30:1800+30"]

1. d4 d5 2. c4 c6 3. Nf3 Nf6 4. Qc2 e6 5. g3 b6 6. Bg2 Bb7 7. O-O Be7 8. Nbd2 Nbd7 9. e4 dxe4 10. Nxe4 c5 11. Nxf6+ Nxf6 12. dxc5 Bxc5 13. Ne5 Bxg2 14. Qa4+ Kf8 15. Kxg2 Qc7 16. Bf4 Bd6 17. Nd3 Rd8 18. Rad1 Bxf4 19. Nxf4 Rxd1 20. Rxd1 h5 21. h4 g6 22. Qa3+ Kg7 23. b3 Ne4 24. Qb2+ Kh7 25. Qd4 Nc5 26. Qd6 Qb7+ 27. f3 Rc8 28. b4 Na6 29. Qd7 Rc7 30. Qb5 Nb8 31. Nxh5 gxh5 32. Qxh5+ Kg7 33. Qg5+ Kh7 34. Rd8 Rc8 35. Qg8+ Kh6 36. Rxc8 1-0